| TOP OF THE 1ST |
|
Mobile Bears batting - Pitching for Asheville Tourists : RHP Roger Mason
|
|
Pitching: RHP Roger Mason
|
|
|
Batting: LHB Mike Woodard
|
0-0: Called Strike 0-1: Called Strike 0-2: Ball 1-2: Ball 2-2: Ball 3-2: Base on Balls
|
|
Batting: RHB Ralph Lemon
|
0-0: Fly out, F3 (Popup, 34S, EV 64.4 MPH)
|
|
Batting: SHB Paul Hundhammer
|
0-0: Called Strike 0-1: Ball 1-1: Swinging Strike 1-2: Ball 2-2: Foul Ball, location: 2F 2-2: Ball 3-2: Base on Balls Mike Woodard to second
|
|
Batting: LHB Pat Dodson
|
0-0: Ball Mike Woodard steals 3rd base 1-0: Ball Paul Hundhammer is caught stealing 2nd base 2-6 2-0: Foul Ball, location: 2F 2-1: Foul Ball, location: 2F 2-2: Ball 3-2: Fly out, F9 (Flyball, 9LS, EV 89.4 MPH)
|
| Top of the 1st over - 0 runs, 0 hits, 0 errors, 1 left on base; Mobile 0 - Asheville 0 |
| BOTTOM OF THE 1ST |
|
Asheville Tourists batting - Pitching for Mobile Bears : RHP Ismael Sagastume
|
|
Pitching: RHP Ismael Sagastume
|
|
|
Batting: RHB Ulises Infante
|
0-0: Swinging Strike 0-1: Ball 1-1: Foul Ball, location: 2F 1-2: Ground out 5-3 (Groundball, 5L, EV 91.3 MPH)
|
|
Batting: SHB Julio Estrada
|
0-0: Ball 1-0: Swinging Strike 1-1: Fly out, F9 (Flyball, 89M, EV 94.4 MPH)
|
|
Batting: RHB John Damon
|
0-0: Ball 1-0: Swinging Strike 1-1: Foul Ball, location: 2F 1-2: Ball 2-2: Ball 3-2: Base on Balls
|
|
Batting: SHB Dan Hanggie
|
0-0: Called Strike 0-1: Swinging Strike 0-2: Ball 1-2: Strikes out swinging
|
| Bottom of the 1st over - 0 runs, 0 hits, 0 errors, 1 left on base; Mobile 0 - Asheville 0 |
| TOP OF THE 2ND |
|
Mobile Bears batting - Pitching for Asheville Tourists : RHP Roger Mason
|
|
Batting: LHB Douglas Latrenta
|
0-0: Called Strike 0-1: Foul Ball, location: 2F 0-2: Ball 1-2: Ball 2-2: Fly out, F9 (Flyball, 9LM, EV 88.8 MPH)
|
|
Batting: SHB Ted Wilborn
|
0-0: Ball 1-0: Ball 2-0: Fly out, F9 (Flyball, 9LM, EV 102.5 MPH)
|
|
Batting: SHB Vern Followell
|
0-0: Called Strike 0-1: Ball 1-1: Foul Ball, location: 2F 1-2: Strikes out looking
|
| Top of the 2nd over - 0 runs, 0 hits, 0 errors, 0 left on base; Mobile 0 - Asheville 0 |
| BOTTOM OF THE 2ND |
|
Asheville Tourists batting - Pitching for Mobile Bears : RHP Ismael Sagastume
|
|
Batting: RHB Steven Campbell
|
0-0: Ball 1-0: Ball 2-0: Ball 3-0: Called Strike 3-1: Base on Balls
|
|
Batting: LHB Elias Nava
|
0-0: Called Strike 0-1: Ball 1-1: Ball 2-1: Ball 3-1: Called Strike 3-2: SINGLE (Groundball, 56S, EV 71.9 MPH) (infield hit) Steven Campbell to second
|
|
Batting: RHB Wes Robbins
|
0-0: Fielders Choice at 2nd, 1-6 (Groundball, 13S, EV 70.6 MPH) Steven Campbell to third
|
|
Batting: RHB Brian Snitker
|
0-0: Ball 1-0: Ball 2-0: SINGLE (Groundball, 6MD, EV 96.9 MPH) Steven Campbell scores Wes Robbins to second
|
|
Batting: RHB Jack Ramirez
|
0-0: Foul Ball, location: 2F 0-1: Called Strike 0-2: Ball 1-2: Ball 2-2: Fly out, F7 (Flyball, 7D, EV 103.8 MPH) Runner from 2nd tags up, SAFE at 3rd with throw by LF
|
|
Batting: RHB Ulises Infante
|
0-0: Ball 1-0: Called Strike 1-1: Ball 2-1: Ball 3-1: Swinging Strike 3-2: Strikes out swinging
|
| Bottom of the 2nd over - 1 run, 2 hits, 0 errors, 2 left on base; Mobile 0 - Asheville 1 |
| TOP OF THE 3RD |
|
Mobile Bears batting - Pitching for Asheville Tourists : RHP Roger Mason
|
|
Batting: RHB Daniel Winslow
|
0-0: Called Strike 0-1: Ball 1-1: Swinging Strike 1-2: Ground out 6-3 (Groundball, 6, EV 102.5 MPH)
|
|
Batting: RHB Michael Thompson
|
0-0: Ball 1-0: Ball 2-0: Called Strike 2-1: Ball 3-1: Base on Balls
|
|
Batting: LHB Mike Woodard
|
0-0: Fly out, F8 (Line Drive, 8LM, EV 106.3 MPH)
|
|
Batting: RHB Ralph Lemon
|
0-0: Called Strike 0-1: Ball 1-1: Ground out 4-3 (Groundball, 34, EV 105.0 MPH)
|
| Top of the 3rd over - 0 runs, 0 hits, 0 errors, 1 left on base; Mobile 0 - Asheville 1 |
| BOTTOM OF THE 3RD |
|
Asheville Tourists batting - Pitching for Mobile Bears : RHP Ismael Sagastume
|
|
Batting: SHB Julio Estrada
|
0-0: Called Strike 0-1: Fly out, F9 (Line Drive, 9, EV 90.6 MPH)
|
|
Batting: RHB John Damon
|
0-0: Fly out, F7 (Flyball, 7S, EV 86.9 MPH)
|
|
Batting: SHB Dan Hanggie
|
0-0: Ball 1-0: Called Strike 1-1: Ball 2-1: Foul Ball, location: 2F 2-2: Foul Ball, location: 2F 2-2: SINGLE (Line Drive, 8LS, EV 101.3 MPH)
|
|
Batting: RHB Steven Campbell
|
0-0: Ball 1-0: Ball 2-0: Foul Ball, location: 2F 2-1: Ball 3-1: Base on Balls Dan Hanggie to second
|
|
Batting: LHB Elias Nava
|
0-0: Foul Ball, location: 2F 0-1: Foul Ball, location: 2F 0-2: Ball 1-2: Fly out, F8 (Line Drive, 8RD, EV 88.8 MPH)
|
| Bottom of the 3rd over - 0 runs, 1 hit, 0 errors, 2 left on base; Mobile 0 - Asheville 1 |
| TOP OF THE 4TH |
|
Mobile Bears batting - Pitching for Asheville Tourists : RHP Roger Mason
|
|
Batting: SHB Paul Hundhammer
|
0-0: Ball 1-0: Called Strike 1-1: Called Strike 1-2: Ball 2-2: Ball 3-2: Ground out 4-3 (Groundball, 4D, EV 101.3 MPH)
|
|
Batting: LHB Pat Dodson
|
0-0: Ball 1-0: Called Strike 1-1: SINGLE (Line Drive, 34, EV 105.0 MPH)
|
|
Batting: LHB Douglas Latrenta
|
0-0: Called Strike 0-1: Ball 1-1: Called Strike 1-2: Ball 2-2: Foul Ball, location: 2F 2-2: Ball 3-2: Strikes out swinging
|
|
Batting: SHB Ted Wilborn
|
0-0: SINGLE (Line Drive, 78M, EV 87.5 MPH) Pat Dodson to second
|
|
Batting: SHB Vern Followell
|
0-0: Ball 1-0: Ball 2-0: Ball 3-0: Called Strike 3-1: Fly out, F8 (Flyball, 8RD, EV 75.0 MPH)
|
| Top of the 4th over - 0 runs, 2 hits, 0 errors, 2 left on base; Mobile 0 - Asheville 1 |
| BOTTOM OF THE 4TH |
|
Asheville Tourists batting - Pitching for Mobile Bears : RHP Ismael Sagastume
|
|
Batting: RHB Wes Robbins
|
0-0: Called Strike 0-1: Ground out 5-3 (Groundball, 56S, EV 86.3 MPH)
|
|
Batting: RHB Brian Snitker
|
0-0: Called Strike 0-1: Foul Ball, location: 2F 0-2: Strikes out looking
|
|
Batting: RHB Jack Ramirez
|
0-0: SINGLE (Groundball, 4MS, EV 91.3 MPH) (infield hit)
|
|
Batting: RHB Ulises Infante
|
0-0: Ball Jack Ramirez steals 2nd base 1-0: Called Strike 1-1: Foul Ball, location: 2F 1-2: Ball 2-2: Ball 3-2: Strikes out looking
|
| Bottom of the 4th over - 0 runs, 1 hit, 0 errors, 1 left on base; Mobile 0 - Asheville 1 |
| TOP OF THE 5TH |
|
Mobile Bears batting - Pitching for Asheville Tourists : RHP Roger Mason
|
|
Batting: RHB Daniel Winslow
|
0-0: SINGLE (Groundball, 56D, EV 103.8 MPH)
|
|
Batting: RHB Michael Thompson
|
0-0: Grounds into double play, 4-6-3 (Groundball, 4, EV 78.1 MPH)
|
|
Batting: LHB Mike Woodard
|
0-0: Ball 1-0: Fly out, F8 (Line Drive, 8LM, EV 93.8 MPH)
|
| Top of the 5th over - 0 runs, 1 hit, 0 errors, 0 left on base; Mobile 0 - Asheville 1 |
| BOTTOM OF THE 5TH |
|
Asheville Tourists batting - Pitching for Mobile Bears : RHP Ismael Sagastume
|
|
Batting: SHB Julio Estrada
|
0-0: Foul Ball, location: 2F 0-1: Fly out, F9 (Flyball, 9, EV 88.1 MPH)
|
|
Batting: RHB John Damon
|
0-0: Ball 1-0: Ground out 6-3 (Groundball, 6, EV 85.6 MPH)
|
|
Batting: SHB Dan Hanggie
|
0-0: Ball 1-0: Ground out 4-3 (Groundball, 4M, EV 100.0 MPH)
|
| Bottom of the 5th over - 0 runs, 0 hits, 0 errors, 0 left on base; Mobile 0 - Asheville 1 |
| TOP OF THE 6TH |
|
Mobile Bears batting - Pitching for Asheville Tourists : RHP Roger Mason
|
|
Batting: RHB Ralph Lemon
|
0-0: Ball 1-0: Ball 2-0: Called Strike 2-1: Ground out 4-3 (Groundball, 4, EV 86.3 MPH)
|
|
Batting: SHB Paul Hundhammer
|
0-0: Called Strike 0-1: Ball 1-1: Called Strike 1-2: Foul Ball, location: 2F 1-2: Ball 2-2: Ball 3-2: Foul Ball, location: 2F 3-2: Foul Ball, location: 2F 3-2: Foul Ball, location: 2F 3-2: Base on Balls
|
|
Batting: LHB Pat Dodson
|
0-0: Ball 1-0: SINGLE (Groundball, 4MD, EV 106.3 MPH) Paul Hundhammer to second
|
|
Batting: LHB Douglas Latrenta
|
0-0: Fly out, F8 (Flyball, 89M, EV 85.6 MPH)
|
|
Batting: SHB Ted Wilborn
|
0-0: Called Strike 0-1: Ground out 1-3 (Groundball, 13S, EV 72.5 MPH)
|
| Top of the 6th over - 0 runs, 1 hit, 0 errors, 2 left on base; Mobile 0 - Asheville 1 |
| BOTTOM OF THE 6TH |
|
Asheville Tourists batting - Pitching for Mobile Bears : RHP Ismael Sagastume
|
|
Batting: RHB Steven Campbell
|
0-0: Called Strike 0-1: Ball 1-1: Fly out, F2 (Popup, 23F, EV 72.5 MPH)
|
|
Batting: LHB Elias Nava
|
0-0: Ball 1-0: Ball 2-0: Called Strike 2-1: Ball 3-1: Called Strike 3-2: Foul Ball, location: 2F 3-2: Fly out, F8 (Flyball, 89M, EV 84.4 MPH)
|
|
Batting: RHB Wes Robbins
|
0-0: Ball 1-0: Ground out 6-3 (Groundball, 6, EV 85.0 MPH)
|
| Bottom of the 6th over - 0 runs, 0 hits, 0 errors, 0 left on base; Mobile 0 - Asheville 1 |
| TOP OF THE 7TH |
|
Mobile Bears batting - Pitching for Asheville Tourists : RHP Roger Mason
|
|
Batting: SHB Vern Followell
|
0-0: Called Strike 0-1: Swinging Strike 0-2: Foul Ball, location: 2F 0-2: Foul Ball, location: 2F 0-2: Foul Ball, location: 2F 0-2: Strikes out swinging
|
|
Batting: RHB Daniel Winslow
|
0-0: Ball 1-0: Ground out 6-3 (Groundball, 6, EV 79.4 MPH)
|
|
Batting: RHB Michael Thompson
|
0-0: Foul Ball, location: 2F 0-1: Foul Ball, location: 2F 0-2: Ball 1-2: Foul Ball, location: 2F 1-2: Foul Ball, location: 2F 1-2: Strikes out swinging
|
| Top of the 7th over - 0 runs, 0 hits, 0 errors, 0 left on base; Mobile 0 - Asheville 1 |
| BOTTOM OF THE 7TH |
|
Asheville Tourists batting - Pitching for Mobile Bears : RHP Ismael Sagastume
|
|
Batting: RHB Brian Snitker
|
0-0: Ground out 6-3 (Groundball, 6, EV 81.3 MPH)
|
|
Batting: RHB Jack Ramirez
|
0-0: Fly out, F8 (Line Drive, 8RD, EV 96.9 MPH)
|
|
Batting: RHB Ulises Infante
|
0-0: Ball 1-0: Foul Ball, location: 2F 1-1: Swinging Strike 1-2: Ball 2-2: Foul Ball, location: 2F 2-2: Ball 3-2: Strikes out looking
|
| Bottom of the 7th over - 0 runs, 0 hits, 0 errors, 0 left on base; Mobile 0 - Asheville 1 |
| TOP OF THE 8TH |
|
Mobile Bears batting - Pitching for Asheville Tourists : RHP Roger Mason
|
|
Batting: LHB Mike Woodard
|
0-0: Called Strike 0-1: Ball 1-1: Ball 2-1: Ground out 4-3 (Groundball, 4, EV 83.1 MPH)
|
|
Batting: RHB Ralph Lemon
|
0-0: Ball 1-0: Foul Ball, location: 2F 1-1: Swinging Strike 1-2: Ball 2-2: Ball 3-2: Ground out 4-3 (Groundball, 4, EV 84.4 MPH)
|
|
Batting: SHB Paul Hundhammer
|
0-0: Fly out, F9 (Flyball, 9D, EV 90.6 MPH)
|
| Top of the 8th over - 0 runs, 0 hits, 0 errors, 0 left on base; Mobile 0 - Asheville 1 |
| BOTTOM OF THE 8TH |
|
Asheville Tourists batting - Pitching for Mobile Bears : RHP Ismael Sagastume
|
|
Batting: SHB Julio Estrada
|
0-0: Ball 1-0: Ball 2-0: Called Strike 2-1: SINGLE (Groundball, 56D, EV 96.3 MPH)
|
|
Batting: RHB John Damon
|
0-0: Called Strike 0-1: Called Strike 0-2: Grounds into double play, 5-4-3 (Groundball, 5, EV 105.6 MPH)
|
|
Batting: SHB Dan Hanggie
|
0-0: Ground out 5-3 (Groundball, 56, EV 86.9 MPH)
|
| Bottom of the 8th over - 0 runs, 1 hit, 0 errors, 0 left on base; Mobile 0 - Asheville 1 |
| TOP OF THE 9TH |
|
Mobile Bears batting - Pitching for Asheville Tourists : RHP Roger Mason
|
|
Batting: LHB Pat Dodson
|
0-0: Called Strike 0-1: Ball 1-1: Ball 2-1: Swinging Strike 2-2: Ball 3-2: Foul Ball, location: 2F 3-2: Strikes out swinging
|
|
Batting: LHB Douglas Latrenta
|
0-0: Ball 1-0: Called Strike 1-1: Ball 2-1: Foul Ball, location: 2F 2-2: Foul Ball, location: 2F 2-2: Foul Ball, location: 2F 2-2: Fly out, F4 (Flyball, 34D, EV 73.1 MPH)
|
|
Batting: SHB Ted Wilborn
|
0-0: Called Strike 0-1: Foul Ball, location: 2F 0-2: Ball 1-2: Ball 2-2: Fly out, F6 (Line Drive, 6, EV 70.0 MPH)
|
| Top of the 9th over - 0 runs, 0 hits, 0 errors, 0 left on base; Mobile 0 - Asheville 1 |
|